 Dungeon Crawl Stone Soup version 0.29.1-15-g9cfb28693d (webtiles) character file.

Game seed: 14393674520697421772

1106 BuddhaDhamma the Cleaver (level 8, -9/64 HPs)
             Began as a Minotaur Berserker on Mar 20, 2023.
             Was an Elder of Trog.
             Mangled by Prince Ribbit (13 damage)
             ... on level 6 of the Dungeon.
             The game lasted 00:10:47 (6388 turns).

BuddhaDhamma the Cleaver (Minotaur Berserker)       Turns: 6388, Time: 00:10:48

Health: -9/64      AC:  9    Str: 25    XL:     8   Next: 11%
Magic:  7/7        EV:  4    Int:  4    God:    Trog [****..]
Gold:   314        SH: 11    Dex: 15    Spells: 7/7 levels left

rFire   . . .      SeeInvis .   a - +0 hand axe
rCold   . . .      Faith    .   d - +0 tower shield
rNeg    . . .      Spirit   .   h - +0 chain mail
rPois   .          Reflect  .   (helmet restricted)
rElec   .          Harm     .   (no cloak)
rCorr   .          Rampage  .   t - +0 pair of gloves
Will    .....                   (no boots)
Stlth   ..........              (no amulet)
HPRegen 0.20/turn               s - +6 ring of dexterity
MPRegen 0.10/turn               (no ring)

@: on berserk cooldown, slowed, studying Fighting, very slow
A: horns 2, retaliatory headbutt
a: Renounce Religion, Berserk, Trog's Hand, Brothers in Arms


You were on level 6 of the Dungeon.
You worshipped Trog.
Trog was greatly pleased with you.
You visited 1 branch of the dungeon, and saw 6 of its levels.
You also visited: Ossuary.

You collected 314 gold pieces.

Inventory:

Hand Weapons
 a - a +0 hand axe (weapon)
Missiles
 o - 2 silver boomerangs (quivered)
 w - 2 throwing nets
Armour
 d - a +0 tower shield (worn)
 h - a +0 chain mail (worn)
 t - a +0 pair of gloves (worn)
Jewellery
 i - a ring of ice
 s - a +6 ring of dexterity (left hand)
Wands
 y - a wand of mindburst (6)
Scrolls
 c - 4 scrolls of blinking
 f - a scroll of identify
 n - a scroll of immolation
 u - a scroll of butterflies
 v - a scroll of amnesia
 x - 2 scrolls of teleportation
 z - a scroll of summoning
 A - a scroll of brand weapon {unknown}
 B - a scroll of fear {unknown}
Potions
 b - 2 potions of haste
 e - 3 potions of degeneration
 g - 2 potions of attraction
 j - a potion of ambrosia
 k - 6 potions of curing
 m - 3 potions of resistance
 p - 3 potions of heal wounds
 q - 3 potions of cancellation
 r - a potion of berserk rage


   Skills:
 - Level 3.6 Fighting
 + Level 11.9 Axes
 - Level 2.4 Armour
 - Level 2.1 Dodging


You had 7 spell levels left.
You didn't know any spells.
Your spell library was empty.

Dungeon Overview and Level Annotations

Branches:
Dungeon (6/15)            Ossuary (visited)
 Temple: D:4-7

Altars:
Gozag
Kikubaaqudgha
Makhleb
Nemelex Xobeh
Sif Muna
Uskayaw
Vehumet

Annotations:
D:6 Prince Ribbit


Innate Abilities, Weirdness & Mutations

You have a pair of horns on your head.
You reflexively headbutt those who attack you in melee.


Message History

You slash the ogre! You headbutt the ogre.
You kill the ogre!
Trog accepts your kill.
You hit Prince Ribbit. Prince Ribbit hits you!
Things that are here:
a +0 giant club; an ogre corpse You feel a strong urge to attack something.
Prince Ribbit blinks!
You are no longer berserk.
You are exhausted.
You feel yourself slow down.
Things that are here:
a +0 giant club; an ogre corpse Prince Ribbit blinks!
You block Prince Ribbit's attack.
Prince Ribbit blinks! x2
Prince Ribbit croaks regally.
Things that are here:
a +0 giant club; an ogre corpse Prince Ribbit blinks!
Prince Ribbit catches a blue-tailed skink with his tongue.
Things that are here:
a +0 giant club; an ogre corpse You miss Prince Ribbit.
Prince Ribbit is heavily wounded.
Prince Ribbit hits you but does no damage.
You block Prince Ribbit's attack.
You miss Prince Ribbit.
Prince Ribbit is heavily wounded.
Prince Ribbit hits you but does no damage.
Prince Ribbit hits you!
Prince Ribbit blinks!
Prince Ribbit blinks!
You block Prince Ribbit's attack. Prince Ribbit hits you!
* * * LOW HITPOINT WARNING * * *
Prince Ribbit hits you!
* * * LOW HITPOINT WARNING * * *
You barely miss Prince Ribbit. You headbutt Prince Ribbit.
Prince Ribbit is heavily wounded.
Prince Ribbit lets out a mournful croak.
Prince Ribbit hits you!
You die...

#######
#..<..#
#)#.#.#
#.#.# #
#F#.#
#@..#
#####


You could see Prince Ribbit.

Vanquished Creatures
  A water moccasin (D:3)
  An ogre (D:6)
  2 black bears (D:5)
  A necrophage (D:5)
  A bullfrog (D:3)
  A scorpion (D:4)
  The ghost of jtron the Trooper, a weakling DsMo (D:3)
  Jessica (D:3)
  An orc wizard (D:3)
  Ijyb (D:4)
  14 mummies (Ossuary)
  3 gnolls (D:5)
  10 adders
  5 worms
  7 dart slugs
  4 orcs (D:3)
  7 bats
  4 endoplasms
  2 giant cockroaches (D:1)
  7 goblins
  7 hobgoblins
  6 jackals
  7 quokkas
  14 ball pythons
  7 frilled lizards
  3 gnoll skeletons (Ossuary)
  3 goblin skeletons (Ossuary)
  7 kobolds
  2 orc skeletons (Ossuary)
  8 rats
  11 rat skeletons (Ossuary)
149 creatures vanquished.

Notes
Turn   | Place    | Note
-------+----------+-------------------------------------------
     0 | D:1      | BuddhaDhamma the Minotaur Berserker began the quest for the
                  | Orb.
     0 | D:1      | Reached XP level 1. HP: 19/19 MP: 0/0
    75 | D:1      | Reached skill level 4 in Axes
   230 | D:1      | Reached XP level 2. HP: 24/26 MP: 1/1
   482 | D:1      | Reached ** piety under Trog
   698 | D:1      | Reached skill level 5 in Axes
   904 | D:1      | Reached XP level 3. HP: 22/31 MP: 2/2
  1721 | D:2      | Reached XP level 4. HP: 38/39 MP: 3/3
  1747 | D:2      | Reached skill level 6 in Axes
  2133 | D:3      | Reached *** piety under Trog
  2193 | D:3      | Found a faded altar of an unknown god.
  2360 | D:3      | Noticed a water moccasin
  2378 | D:3      | Killed a water moccasin
  2379 | D:3      | Reached skill level 7 in Axes
  2379 | D:3      | Reached XP level 5. HP: 44/45 MP: 4/4
  2487 | D:3      | Reached skill level 8 in Axes
  2614 | D:3      | Reached XP level 6. HP: 51/51 MP: 5/5
  2636 | D:3      | Found a runed translucent door.
  2643 | D:3      | Noticed jtron's ghost (weakling DsMo)
  2688 | D:3      | Killed jtron's ghost
  2695 | D:3      | Found a runed translucent door.
  2872 | D:3      | Noticed Jessica
  2875 | D:3      | Killed Jessica
  2876 | D:3      | Reached skill level 9 in Axes
  3100 | D:3      | Found an opulent altar of Gozag.
  3586 | D:4      | Found a radiant altar of Vehumet.
  3586 | D:4      | Found an ancient bone altar of Kikubaaqudgha.
  3589 | D:4      | Found a shimmering blue altar of Sif Muna.
  3748 | D:4      | Found a sand-covered staircase.
  3753 | Ossuary  | Entered an ossuary
  3777 | Ossuary  | Reached XP level 7. HP: 57/57 MP: 6/6
  3915 | Ossuary  | Reached **** piety under Trog
  4057 | Ossuary  | Reached skill level 10 in Axes
  5012 | D:4      | Noticed Ijyb
  5020 | D:4      | Killed Ijyb
  5555 | D:5      | Entered Level 5 of the Dungeon
  5565 | D:5      | Found a burning altar of Makhleb.
  5730 | D:5      | Reached skill level 11 in Axes
  5848 | D:5      | Found a sparkling altar of Nemelex Xobeh.
  6046 | D:5      | Found a hide-covered altar of Uskayaw.
  6046 | D:5      | Noticed a +0 spear
  6046 | D:5      | Noticed a +0 dagger
  6047 | D:5      | Noticed a +0 short sword
  6047 | D:5      | Noticed a +0 spear
  6048 | D:5      | Noticed a +0 falchion
  6048 | D:5      | Noticed a +0 dagger
  6049 | D:5      | Noticed a +0 short sword
  6051 | D:5      | Noticed a +0 falchion
  6258 | D:5      | Reached XP level 8. HP: 63/64 MP: 7/7
  6362 | D:5      | Identified a scroll of acquirement
  6362 | D:5      | Acquired a manual of Fighting
  6365 | D:6      | Noticed Prince Ribbit
  6388 | D:6      | Mangled by Prince Ribbit

Illustrated notes

Levels and vault maps discovered:
D:1:      lordsloth_arrival_two_stooges, layout_basic, minmay_bisected
D:2:      layout_basic, serial_corexii_hall, corexii_hall_statues_i,
          chequers_hall_statues_wall_a
D:3:      layout_basic, mainiacjoe_overflow_chevrons, ebering_ghost_sewer_f,
          shapermc_ecumenical_altar_starsandcircs, uniq_jessica
D:4:      layout_rooms, grunt_temple_overflow_magic_moments,
          nicolae_ossuary_entry_false_entrances, minivault_5, uniq_ijyb
D:5:      layout_basic, amcnicky_altar_gilded, nicolae_uskayaw_en_pointe,
          overflow_temple_1_default
D:6:      minmay_polygon_palace, layout_basic, portal_sewer_entry_e,
          uniq_prince_ribbit1, uniq_blork_the_orc, uniq_edmund, uniq_pikel,
          uniq_sigmund

Skill      XL: |  1  2  3  4  5  6  7 |
---------------+----------------------+-----
Axes           | 4 5 7 8 9 11 | 11.9
Fighting       | |  3.6
Armour         | |  2.4
Dodging        | |  2.1

Action                   |  1- 3 |  4- 6 |  7- 9 || total
-------------------------+-------+-------+-------++-------
Melee: Hand axe          |   105 |   130 |   153 ||   388
       Headbutt          |    16 |    17 |    32 ||    65
Throw: Javelin           |       |    15 |       ||    15
       Boomerang         |       |    19 |     7 ||    26
Invok: Berserk           |       |     2 |     2 ||     4
  Use: Scroll            |       |       |    18 ||    18
Armor: Animal skin       |    15 |       |       ||    15
       Chain mail        |    17 |    58 |    38 ||   113
Dodge: Dodged            |    46 |    18 |    20 ||    84
Block: Tower shield      |    45 |    60 |    54 ||   159
